 Dungeon Crawl Stone Soup version 0.31-a0-175-g9f7f995f2b (webtiles) character file.

Game seed: 17706735532763965841

5 zazu2006 the Covert (level 1, 0/23 HPs)
             Began as a Gnoll Delver on June 17, 2023.
             Slain by an acid dragon (2 damage)
             ... on level 5 of the Dungeon.
             The game lasted 00:00:41 (105 turns).

zazu2006 the Covert (Gnoll Delver)                   Turns: 105, Time: 00:00:42

Health: 0/23       AC:  3    Str: 11    XL:     1   Next: 80%
Magic:  1/1        EV: 13    Int:  9    God:
Gold:   0          SH:  0    Dex: 13    Spells: 0/0 levels left

rFire   . . .        a - +0 falchion
rCold   . . .        (no shield)
rNeg    . . .        b - +0 leather armour
rPois   .            (no helmet)
rElec   .            (no cloak)
rCorr   .            (no gloves)
SInv    .            (no boots)
Will    .....        (no amulet)
Stlth   ++++         (no ring)
HPRegen 0.23/turn    (no ring)
MPRegen 0.07/turn

%: no passive effects
@: no status effects
A: fangs 1, strong nose, distributed training
a: no special abilities


You were on level 5 of the Dungeon.
You visited 1 branch of the dungeon, and saw 1 of its levels.

Inventory:

Hand Weapons
 a - a +0 falchion (weapon)
Armour
 b - a +0 leather armour (worn)
Wands
 g - a wand of digging (3)
 h - a wand of polymorph (5)
Scrolls
 c - a scroll of fog
 d - a scroll of revelation
 e - a scroll of fear
 i - a scroll of identify {unknown}
Potions
 f - a potion of haste


   Skills:
 + Level 6.4 Fighting
 + Level 0.1 Short Blades
 + Level 4.4 Long Blades
 + Level 0.1 Axes
 + Level 0.1 Maces & Flails
 + Level 0.1 Polearms
 + Level 0.1 Staves
 + Level 0.1 Ranged Weapons
 + Level 0.1 Throwing
 + Level 0.1 Armour
 + Level 4.4 Dodging
 + Level 9.5 Stealth
 + Level 0.1 Shields
 + Level 0.1 Unarmed Combat
 + Level 0.1 Spellcasting
 + Level 0.1 Conjurations
 + Level 0.1 Hexes
 + Level 0.1 Summonings
 + Level 0.1 Necromancy
 + Level 0.1 Translocations
 + Level 0.1 Transmutations
 + Level 0.1 Fire Magic
 + Level 0.1 Ice Magic
 + Level 0.1 Air Magic
 + Level 0.1 Earth Magic
 + Level 0.1 Poison Magic
 + Level 0.2 Invocations
 + Level 0.1 Evocations


You couldn't memorise any spells.
You didn't know any spells.
Your spell library was empty.

Dungeon Overview and Level Annotations

Branches:
Dungeon (5/15)
 Temple: D:4-7

Altars:


Innate Abilities, Weirdness & Mutations

You have very sharp teeth.
Your uncanny sense of smell can sniff out nearby items.
Your experience applies equally to all skills.


Message History

Found a whip.
You open the door.
There is an open door here.
You open the door.
There is an open door here.
Okay, then.
There is an open door here.
i - a scroll labelled JOTEGG FALO You open the door.
There is an open door here.
You open the door.
There is an open door here.
An ufetubus comes into view.
An ufetubus is nearby!
An ice beast comes into view.
Found a pink potion.
Found a stone staircase leading down.
Found a sapphire potion.
The ufetubus shouts!
The ufetubus barely misses you. x2; The ufetubus closely misses you.
The ufetubus barely misses you.
You barely miss the ufetubus. You bite the ufetubus.
The ufetubus is lightly wounded.
The ufetubus misses you. The ufetubus hits you.
You slash the ufetubus!
You kill the ufetubus!
Aiming: Polymorph
Press: ? - help, Shift-Dir - straight line, f - ice beast
Aim: an ice beast (will become a polar bear, an acid dragon, or a steam dragon, chance to affect: 49%)
The ice beast evaporates and reforms as an acid dragon!
The acid dragon spits acid at you. The splash of acid hits you!!
Ouch! That really hurt!
* * * LOW HITPOINT WARNING * * *
Unknown command.
Okay, then.
The acid dragon closely misses you. The acid dragon misses you.
You hit the acid dragon. Your bite misses the acid dragon.
The acid dragon is lightly wounded.
The acid dragon closely misses you. The acid dragon claws you.
You die...

#^.#
#........'...#
#...
#........#...#
#....
#........#####
#.h##.
#............#
#..# +#
#............#
....
#...........!#
....
+............#
#............#
#.......@D...#
#..>.##+#....#
#....# ....#
#....# ...!#
#....# ....#
#....# ....#
+....# ....#
#....# ....#
#....#


You could see an acid dragon.

Vanquished Creatures
  An ufetubus (D:5)
1 creature vanquished.

Notes
Turn   | Place    | Note
-------+----------+-------------------------------------------
     0 | D:5      | Reached skill level 9 in Stealth
     0 | D:5      | zazu2006 the Gnoll Delver began the quest for the Orb.
     0 | D:5      | Reached XP level 1. HP: 23/23 MP: 1/1
     6 | D:5      | Noticed a black bear
    80 | D:5      | Noticed an ice beast
   102 | D:5      | an ice beast changed into an acid dragon
   102 | D:5      | Noticed an acid dragon
   102 | D:5      | HP: 1/23 [acid dragon/splash of acid (22)]
   105 | D:5      | Slain by an acid dragon

Illustrated notes

Levels and vault maps discovered:
D:5:      layout_gridville, uniq_eustachio

Skill      XL: | |
---------------+-+-----
Stealth        | |  9.5
Fighting       | |  6.4
Short Blades   | |  0.1
Long Blades    | |  4.4
Axes           | |  0.1
Maces & Flails | |  0.1
Polearms       | |  0.1
Staves         | |  0.1
Ranged Weapons | |  0.1
Throwing       | |  0.1
Armour         | |  0.1
Dodging        | |  4.4
Shields        | |  0.1
Unarmed Combat | |  0.1
Spellcasting   | |  0.1
Conjurations   | |  0.1
Hexes          | |  0.1
Summonings     | |  0.1
Necromancy     | |  0.1
Translocations | |  0.1
Transmutations | |  0.1
Fire Magic     | |  0.1
Ice Magic      | |  0.1
Air Magic      | |  0.1
Earth Magic    | |  0.1
Poison Magic   | |  0.1
Invocations    | |  0.2
Evocations     | |  0.1

Action                     || total
---------------------------++-------
  Melee: Falchion          ||     3
         Bite              ||     1
  Evoke: Wand              ||     1
  Dodge: Dodged            ||     8

Table legend: (Time is in decaauts)
 A = Elapsed time spent in this place.
 B = Non-inter-level travel time spent in this place.
 C = Inter-level travel time spent in this place.
 D = Time resting spent in this place.
 E = Time spent auto-exploring this place.
 F = Levels seen in this place.
 G = Mean time per level.
                   A        B        C        D        E       F      G
               +--------+--------+--------+--------+--------+-----+--------+
         Total |    105 |    105 |      0 |      0 |     57 |   1 |  105.0 |
       Dungeon |    105 |    105 |      0 |      0 |     57 |   1 |  105.0 |
               +--------+--------+--------+--------+--------+-----+--------+

Top non-repeatable levels by time:
     D:5: 105 daAuts
